 Dungeon Crawl Stone Soup version 0.27.1-35-g4d5d836560 (webtiles) character file.

Game seed: 2598565308043280220

3229 cbfl8 the Cleaver (level 9, -1/71 (78) HPs)
             Began as a Minotaur Fighter on July 11, 2022.
             Was a Believer of Makhleb.
             Slain by a wight (7 damage)
             ... on level 7 of the Dungeon.
             The game lasted 00:17:13 (7167 turns).

cbfl8 the Cleaver (Minotaur Fighter)                Turns: 7167, Time: 00:17:14

HP:   -1/71 (78)    AC:  7    Str: 25      XL:     9   Next: 66%
MP:   8/8           EV:  9    Int: 15      God:    Makhleb [**....]
Gold: 134           SH: 10    Dex:  5 (6)  Spells: 8/8 levels left

rFire    + + .     SeeInvis .   L - +5 mace "Uvageses" {vorpal, rF++ Int+10 Dex-3}
rCold    + . .     Faith    .   c - +0 kite shield
rNeg     . . .     Spirit   .   B - +0 ring mail "Qaid" {Slay+3}
rPois    +         Reflect  .   (helmet restricted)
rElec    .         Harm     +   x - scarf {harm}
rCorr    .         Rampage  .   h - +0 pair of gloves
Will     .....                  (no boots)
Stlth    +.........             (no amulet)
HPRegen  0.21/turn              v - ring of protection from cold
MPRegen  0.11/turn              F - ring of poison resistance

@: drained
A: horns 2, retaliatory headbutt
a: Renounce Religion, Minor Destruction


You were on level 7 of the Dungeon.
You worshipped Makhleb.
Makhleb was pleased with you.
You visited 2 branches of the dungeon, and saw 8 of its levels.

You collected 258 gold pieces.
You spent 124 gold pieces at shops.

Inventory:

Hand Weapons
 a - a +0 war axe
 j - a +0 war axe
 K - a +4 spear
 L - the +5 mace "Uvageses" (weapon) {vorpal, rF++ Int+10 Dex-3}
   (You found it on level 6 of the Dungeon)

   It inflicts extra damage upon your enemies.
   Int:       It affects your intelligence (+10).
   Dex:       It affects your dexterity (-3).
   rF:        It greatly protects you from fire.
Missiles
 u - 93 arrows
Armour
 b - a +0 scale mail
 c - a +0 kite shield (worn)
 h - a +0 pair of gloves (worn)
 o - a +0 chain mail
 p - a +0 plate armour
 x - a scarf of harm (worn)
 B - the +0 ring mail "Qaid" (worn) {Slay+3}
   (You found it on level 4 of the Dungeon)

   Slay:      It affects your accuracy & damage with ranged weapons and melee
   (+3).
Jewellery
 n - a +6 ring of intelligence
 v - a ring of protection from cold (left hand)
 F - a ring of poison resistance (right hand)
Wands
 d - a wand of mindburst (13)
 s - a wand of polymorph (4)
 H - a wand of iceblast (7)
 I - a wand of charming (7)
Scrolls
 f - 2 scrolls of enchant armour {unknown}
 g - 2 scrolls of magic mapping {unknown}
 i - 2 scrolls of blinking {unknown}
 m - 3 scrolls of identify {unknown}
 r - 3 scrolls of amnesia
 w - a scroll of brand weapon {unknown}
 y - a scroll of immolation {unknown}
 z - 2 scrolls of teleportation {unknown}
 D - a scroll of fear {unknown}
 G - a scroll of enchant weapon {unknown}
 J - a scroll of vulnerability {unknown}
 N - a scroll of noise {unknown}
Potions
 e - a potion of mutation {unknown}
 k - 3 potions of degeneration
 l - a potion of berserk rage {unknown}
 q - a potion of attraction {unknown}
 t - a potion of lignification {unknown}
 A - 2 potions of curing {unknown}
 C - a potion of invisibility
 E - a potion of resistance
 M - a potion of flight {unknown}
 O - a potion of heal wounds {unknown}


   Skills:
 + Level 6.7 Fighting
 * Level 12.1(12.2) Axes
 + Level 1.3(8.0) Maces & Flails
 + Level 6.5 Armour
 + Level 2.6 Dodging
 + Level 1.5 Stealth
 + Level 6.6 Shields
 + Level 1.1 Unarmed Combat


You had 8 spell levels left.
You didn't know any spells.
Your spell library contained the following spells:

 Spells                   Type           Power      Damage    Failure   Level
 Frozen Ramparts          Ice            0%         1d2       98%         3
 Ice Form                 Ice/Tmut       0%         N/A       100%        4
 Summon Ice Beast         Ice/Summ       0%         N/A       100%        4


Dungeon Overview and Level Annotations

Branches:
Dungeon (7/15)             Temple (1/1) D:4

Altars:
Elyvilon
Gozag
Hepliaklqana
Makhleb
Okawaru
Ru
Sif Muna
Trog
Vehumet
Xom
Zin

Shops:
D:5 ((*   D:7 [

Portals:
Abyss: D:3

Annotations:
D:3 2 transporters, grimtooth's ghost, weakling PaAK


Innate Abilities, Weirdness & Mutations

You have a pair of horns on your head.
You reflexively headbutt those who attack you in melee.


Message History

The wight hits you with a +0 spear.
You feel drained. The wight hits you with a +1 scimitar!
Unknown command.
You hit the wight.
The wight is lightly damaged.
The wight closely misses you. The wight hits you with a +1 scimitar!
Unknown command.
The wight barely misses you. You furiously retaliate!
You headbutt the wight. The wight closely misses you.
You block the wight's attack.
Unknown command.
You closely miss the wight. The wight hits you with a +0 spear.
You feel drained. You block the wight's attack. The wight closely misses you.
The wight hits you with a +1 scimitar!
You barely miss the wight. You block the wight's attack.
The wight hits you with a +3 flail. The wight closely misses you.
You furiously retaliate!
You headbutt the wight! You block the wight's attack.
Unknown command.
You sock the wight!
You destroy the wight!
Makhleb accepts your kill. The wight hits you with a +0 spear.
You feel drained. The wight barely misses you. You block the wight's attack.
You closely miss the wight. Your headbutt misses the wight.
The wight is severely damaged.
The wight hits you with a +0 spear!
You feel drained. You block the wight's attack.
The wight hits you with a +3 halberd!
* * * LOW HITPOINT WARNING * * *
You barely miss the wight. You headbutt the wight.
The wight is moderately damaged.
The wight hits you with a +0 spear.
* * * LOW HITPOINT WARNING * * *
The wight hits you with a +3 flail!
* * * LOW HITPOINT WARNING * * *
You feel drained.
* * * LOW HITPOINT WARNING * * *
The wight barely misses you. You furiously retaliate!
You headbutt the wight!
You destroy the wight!
Makhleb accepts your kill. The wight hits you with a +0 spear.
You die...

.. ## .. #. #. #. #
#.#### #. .# #...# #.
.###.##)# # #. #.#.# #)#
.# #. #).# #.####.# #.
#@z# #.# ... #.
#)z####.##.#.####.
#..........#...)).
...............#####.##.
......#######....#...##.
###### #.##.#.####.
#.##...####.
#...........
############


You could see 2 wights.

Vanquished Creatures
  Pikel (D:6)
  Prince Ribbit (D:6)
  Sigmund (D:3)
  Menkaure (D:4)
  Duvessa (D:6)
  An ice beast (D:6)
  3 ogres (D:5)
  A sky beast (D:5)
  A necrophage (D:5)
  2 lemures (D:6)
  A phantom (D:6)
  2 scorpions
  Dowan (D:6)
  A water moccasin zombie (D:5)
  2 wyvern skeletons
  A water moccasin skeleton (D:5)
  9 wights
  A howler monkey (D:5)
  3 bullfrog zombies
  A centaur zombie (D:7)
  3 hounds
  2 jellies
  2 orc priests (D:6)
  A bullfrog skeleton (D:6)
  4 iguanas (D:5)
  3 orc wizards
  Ijyb (D:3)
  Natasha (thrice) (D:3)
  A hound skeleton (D:5)
  8 adders
  3 gnolls (D:4)
  A howler monkey zombie (D:7)
  A shadow imp (D:6)
  4 white imps
  An adder zombie (D:5)
  A worm (D:3)
  A dart slug (D:5)
  10 orcs
  5 bats
  8 endoplasms
  3 giant cockroaches
  8 hobgoblins
  4 jackals (D:2)
  4 quokkas
  6 ball pythons
  2 frilled lizards (D:2)
  A goblin (D:1)
  5 kobolds
  7 rats
138 creatures vanquished.

Notes
Turn   | Place    | Note
-------+----------+-------------------------------------------
     0 | D:1      | cbfl8 the Minotaur Fighter began the quest for the Orb.
     0 | D:1      | Reached XP level 1. HP: 19/19 MP: 0/0
   106 | D:1      | Found a faded altar of an unknown god.
   170 | D:1      | Reached XP level 2. HP: 27/27 MP: 1/1
   787 | D:2      | Reached XP level 3. HP: 33/33 MP: 2/2
  1590 | D:3      | Found a sacrificial altar of Ru.
  1645 | D:3      | Noticed a small abomination
  1649 | D:3      | Noticed a small abomination
  1678 | D:3      | Found a transporter.
  1681 | D:3      | Found a transporter.
  1681 | D:3      | Noticed Natasha
  1682 | D:3      | Noticed Ijyb
  1686 | D:3      | Killed Natasha
  1686 | D:3      | Noticed grimtooth's ghost (weakling PaAK)
  1687 | D:3      | Reached skill level 3 in Axes
  1688 | D:3      | Killed Ijyb
  1689 | D:3      | Reached XP level 4. HP: 36/40 MP: 3/3
  1693 | D:3      | Noticed Sigmund
  1705 | D:3      | Killed Sigmund
  1706 | D:3      | Reached skill level 5 in Axes
  1706 | D:3      | Reached XP level 5. HP: 33/47 MP: 4/4
  1796 | D:3      | Found a one-way gate to the infinite horrors of the Abyss.
  1860 | D:3      | Noticed a toenail golem
  1915 | D:3      | Noticed Natasha
  1926 | D:3      | Killed Natasha
  1927 | D:3      | Reached skill level 5 in Armour
  1927 | D:3      | Reached XP level 6. HP: 47/53 MP: 5/5
  2438 | D:3      | Noticed Natasha
  2447 | D:3      | Killed Natasha
  2765 | D:4      | Found a staircase to the Ecumenical Temple.
  2775 | D:4      | Reached skill level 1 in Dodging
  2782 | Temple   | Entered the Ecumenical Temple
  2845 | Temple   | Became a worshipper of Makhleb the Destroyer
  2866 | D:4      | Reached skill level 6 in Axes
  2902 | D:4      | Noticed Menkaure
  2909 | D:4      | Killed Menkaure
  3284 | D:4      | Found an iron altar of Okawaru.
  3363 | D:4      | Identified the +0 ring mail "Qaid" {Slay+3}
  3442 | D:4      | Reached XP level 7. HP: 53/60 MP: 6/6
  3445 | D:4      | Reached skill level 1 in Unarmed Combat
  3742 | D:5      | Entered Level 5 of the Dungeon
  4012 | D:5      | Reached skill level 7 in Axes
  4012 | D:5      | Found a shimmering altar of Xom.
  4031 | D:5      | Reached skill level 5 in Shields
  4065 | D:5      | Found Voungi's Antique Weapon Shop.
  4139 | D:5      | Reached skill level 8 in Axes
  4141 | D:5      | Reached XP level 8. HP: 53/67 MP: 7/7
  4433 | D:5      | Reached skill level 5 in Fighting
  4467 | D:5      | Reached skill level 9 in Axes
  4563 | D:5      | Reached * piety under Makhleb
  4597 | D:5      | Found Dog Isih's Weapon Shoppe.
  4673 | D:5      | Found Vukidoam's Assorted Antiques.
  4690 | D:5      | Bought a copper wand for 124 gold pieces
  4874 | D:6      | Noticed Pikel
  4907 | D:6      | Killed Pikel
  4908 | D:6      | Reached skill level 10 in Axes
  5463 | D:6      | Reached XP level 9. HP: 75/75 MP: 8/8
  5464 | D:6      | Reached skill level 11 in Axes
  5477 | D:6      | Noticed Prince Ribbit
  5479 | D:6      | Reached skill level 1 in Stealth
  5496 | D:6      | Killed Prince Ribbit
  6041 | D:6      | Identified the +5 mace "Uvageses" {vorpal, rF++ Int+10
                  | Dex-3}
  6056 | D:6      | Reached ** piety under Makhleb
  6232 | D:6      | Noticed Duvessa
  6232 | D:6      | Noticed Dowan
  6252 | D:6      | Killed Duvessa
  6254 | D:6      | Killed Dowan
  6255 | D:6      | Reached skill level 12 in Axes
  6604 | D:7      | Found Unlauj's Antique Armour Boutique.
  7107 | D:7      | Reached skill level 1 in Maces & Flails
  7167 | D:7      | Slain by a wight

Illustrated notes

Levels and vault maps discovered:
D:1:      dpeg_arrival_lava_temple_mockup, layout_basic, basic_ecumenical_altar,
          chequers_serial_rivers_small_b
D:2:      layout_basic
D:3:      layout_basic, mainiacjoe_overflow_tiny_flanked,
          gup_sewer_entry_spiral, gammafunk_ghost_abyssal_escape, minivault_25,
          chequers_serial_rivers_micro_b, uniq_ijyb, uniq_natasha, uniq_sigmund
D:4:      layout_gridville, lemuel_doored_altar, minmay_temple_entry_junction,
          uniq_menkaure
D:5:      cheibrodos_helix_gallery, layout_rooms,
          nicolae_overflow_crystal_walls, serial_shops, shop,
          nicolae_shop_trees, nicolae_shop_waterfront, minmay_quadrilaterals
D:6:      layout_rooms, uniq_pikel, uniq_prince_ribbit1, uniq_duvessa
D:7:      layout_loops_ring, nicolae_stop_n_shop_1, grunt_ogre_cave,
          uniq_crazy_yiuf_cottage
Temple:   compressed_dpeg_circular_temple

Skill      XL: |  1  2  3  4  5  6  7  8  9 |
---------------+----------------------------+-----
Fighting       | 4 5 6 |  6.7
Shields        | 4 5 6 |  6.6
Armour         | 4 5 6 |  6.5
Axes           | 3 5 6 8 10 12 | 12.1
Dodging        | 1 2 |  2.6
Unarmed Combat | 1 |  1.1
Stealth        | 1 |  1.5
Maces & Flails | 1 |  1.3

Action                   |  1- 3 |  4- 6 |  7- 9 || total
-------------------------+-------+-------+-------++-------
Melee: War axe           |    79 |    51 |   124 ||   254
       Headbutt          |     8 |     7 |    33 ||    48
       Unarmed           |       |     6 |       ||     6
       Mace              |       |       |    46 ||    46
  Use: Potion            |     1 |       |     3 ||     4
       Scroll            |       |       |     1 ||     1
Armor: Scale mail        |    49 |     1 |       ||    50
       Chain mail        |       |    18 |       ||    18
       Ring mail         |       |     2 |    45 ||    47
Dodge: Dodged            |    32 |    18 |    73 ||   123
Block: Kite shield       |    67 |    30 |    76 ||   173
